 Dungeon Crawl Stone Soup version 0.17-a0-1748-g222fba8 (webtiles) character file.

8556 poirepourri the Whirler (level 11, -10/65 HPs)
             Began as a Halfling Hunter on Sept 1, 2015.
             Was an Elder of Okawaru.
             Mangled by Gastronok (30 damage)
             ... on level 1 of the Lair of Beasts.
             The game lasted 00:35:54 (12968 turns).

poirepourri the Whirler (Halfling Hunter)          Turns: 12968, Time: 00:35:54

Health: -10/65     AC: 16    Str: 16    XL:     11   Next: 58%
Magic:  9/11       EV: 20    Int: 10    God:    Okawaru [****..]
Gold:   659        SH:  0    Dex: 18    Spells: 0 memorised, 10 levels left

rFire  . . .     SeeInvis .     a - +3 hunting sling
rCold  . . .     Clarity  .     A - +0 scale mail
rNeg   . . .     SustAt   .     (shield restricted)
rPois  .         Gourm    .     y - +0 helmet
rElec  .         Spirit   .     G - +0 cloak
rCorr  .         Warding  .     i - +1 pair of gloves
rMut   .         Stasis   .     (no boots)
MR     .....                    g - amulet of regeneration
Stlth  +++.......               F - +2 ring of protection
                                n - +3 ring of strength

@: heroism, not resistant to hostile enchantments, fairly stealthy
A: mutation resistance 1
a: Heroism, Renounce Religion


You were on level 1 of the Lair of Beasts.
You worshipped Okawaru.
Okawaru was greatly pleased with you.
You were hungry.

You visited 3 branches of the dungeon, and saw 12 of its levels.

You collected 659 gold pieces.

Inventory:

Hand weapons
 a - a +3 hunting sling (weapon)
 b - a +0 short sword
Missiles
 j - 99 stones (quivered)
 D - 8 sling bullets of flame
Armour
 d - a +0 leather armour
 i - a +1 pair of gloves (worn)
 y - a +0 helmet (worn)
 A - a +0 scale mail (worn)
 G - a +0 cloak (worn)
Jewellery
 e - an uncursed amulet of warding
 f - an uncursed amulet of clarity
 g - an amulet of regeneration (around neck)
 h - an uncursed ring of sustain attributes
 n - a +3 ring of strength (left hand)
 r - an uncursed ring of stealth
 B - an uncursed ring of ice
 C - an uncursed ring of wizardry
 F - a +2 ring of protection (right hand)
 J - an uncursed amulet of resist mutation
 N - a +2 ring of strength
 P - an uncursed ring of protection from magic
Magical devices
 k - a wand of slowing (34)
 o - a wand of magic darts (7)
 p - a wand of random effects (27)
 u - a wand of random effects (30)
 L - a wand of slowing (30)
Scrolls
 c - 2 scrolls of immolation
 m - 2 scrolls of recharging
 q - 2 scrolls of magic mapping
 v - 2 scrolls of amnesia
 w - 2 scrolls of blinking
 E - a scroll of remove curse
 I - a scroll of identify
 K - 2 scrolls of fog
Potions
 l - 4 potions of brilliance
 x - a potion of cure mutation
 z - 3 potions of cancellation
Miscellaneous
 M - a crystal ball of energy
Comestibles
 s - a meat ration
 t - 4 bread rations
 H - 5 fruits


   Skills:
 + Level 2.5(7.5) Fighting
 + Level 0.3(5.3) Short Blades
 + Level 20.1(25.1) Slings
 + Level 5.7(10.7) Armour
 + Level 5.7(10.7) Dodging
 + Level 2.6(7.6) Stealth
 + Level 0.2 Evocations


You had 10 spell levels left.
You didn't know any spells.

Dungeon Overview and Level Annotations

Branches:
Dungeon (10/15)            Temple (1/1) D:4            Lair (1/8) D:9
    Orc (0/4) D:10

Altars:
Ashenzari
Cheibriados
Dithmenos
Elyvilon
Fedhas
Gozag
Kikubaaqudgha
Makhleb
Nemelex Xobeh
Okawaru
Qazlal
Ru
Sif Muna
Trog
Vehumet
Xom
Yredelemnul
Zin
The Shining One

Portals:
Ice
Cave: Lair:1

Annotations:
Lair:1 Gastronok


Innate Abilities, Weirdness & Mutations

You are small and have problems with some larger weapons.
You are somewhat resistant to further mutation.


Message History

Gastronok bites you!
* * * LOW HITPOINT WARNING * * *
Use which ability? (? or * to list)
Okay, then.
You don't know any spells.
Use which ability? (? or * to list)
You gain the combat prowess of a mighty hero.
You feel slightly more hungry.
Firing (i - inventory. (,) - cycle):
j - 101 stones (quivered)
Press: ? - help, Shift-Dir - straight line, f/p - Gastronok
Aim: Gastronok, wearing a hat (severely wounded)
You shoot a stone. The stone hits Gastronok!
Gastronok is almost dead.
Firing (i - inventory. (,) - cycle):
j - 100 stones (quivered)
Press: ? - help, Shift-Dir - straight line, f/p - Gastronok
Aim: Gastronok, wearing a hat (almost dead)
You shoot a stone. The stone hits Gastronok!
Gastronok is almost dead.
Gastronok bites you!!
You die...

##....##### ########รท##
......
#.........###........#
.....
.......................#
......
..........####.##......#
....... .........##
#######...## #....#
##........ ##..#..#
.....# ##P#.####
###...##.###....# ####
##..######.#.....##
#w@## #........# #((##
#......... #(.#
##...[.... #(.#
#P....... ((## #........
(( ##....... . #.......
#....... ##......


You could see Gastronok.

Vanquished Creatures
  A hill giant (D:10)
  An ugly thing (D:10)
  A centaur skeleton (D:10)
  A fire drake (D:9)
  A komodo dragon (Lair:1)
  Sigmund (D:3)
  3 yaks (D:9)
  3 hippogriffs
  A hungry ghost (D:8)
  A basilisk (Lair:1)
  Menkaure (D:5)
  9 ice beasts
  2 water moccasins
  An orc warrior (D:7)
  A black bear (D:8)
  5 phantoms
  2 sky beasts
  2 necrophages
  3 ogres
  Blork the orc (D:4)
  A big kobold (D:8)
  8 giant frogs
  5 scorpions
  18 killer bees
  6 crimson imps
  4 electric eels (D:10)
  A gnoll shaman (D:4)
  2 orc priests
  A quasit (D:8)
  4 hounds
  Crazy Yiuf (D:3)
  An orc wizard (D:3)
  7 iguanas
  9 worker ants
  8 sheep (Lair:1)
  A killer bee zombie (D:9)
  A hound zombie (D:8)
  A hound skeleton (D:8)
  11 adders
  7 gnolls
  7 river rats (Lair:1)
  An ooze (D:3)
  4 adder zombies
  4 adder skeletons
  8 giant geckos
  15 orcs
  A giant cockroach (D:1)
  6 goblins
  6 hobgoblins
  8 jackals
  14 kobolds
  A ball python (D:3)
  3 bats
  A giant gecko zombie (D:7)
  5 giant newts
  4 quokkas
  A quokka skeleton (D:5)
  9 rats
  2 fungi (D:3)
238 creatures vanquished.

Vanquished Creatures (others)
  5 fungi
  A plant (D:9)
6 creatures vanquished.

Grand Total: 244 creatures vanquished

Notes
Turn   | Place    | Note
--------------------------------------------------------------
     0 | D:1      | poirepourri the Halfling Hunter began the quest for the Orb.
     0 | D:1      | Reached XP level 1. HP: 14/14 MP: 1/1
   148 | D:1      | Reached skill level 6 in Slings
   273 | D:1      | Reached XP level 2. HP: 16/19 MP: 2/2
   728 | D:1      | Reached XP level 3. HP: 24/24 MP: 3/3
   757 | D:2      | Reached skill level 7 in Slings
   948 | D:2      | Reached XP level 4. HP: 27/29 MP: 4/4
  1234 | D:2      | Reached skill level 8 in Slings
  1749 | D:3      | Noticed Sigmund
  1761 | D:3      | Killed Sigmund
  1761 | D:3      | Reached skill level 9 in Slings
  1761 | D:3      | Reached skill level 1 in Armour
  1761 | D:3      | Reached XP level 5. HP: 29/34 MP: 5/5
  1761 | D:3      | Reached XP level 6. HP: 33/39 MP: 6/6
  1995 | D:3      | Found a shimmering altar of Xom.
  2010 | D:3      | Found a shimmering altar of Xom.
  2010 | D:3      | Found a shimmering altar of Xom.
  2010 | D:3      | Found a shimmering altar of Xom.
  2014 | D:3      | You fall through a shaft!
  2139 | D:4      | Found a staircase to the Ecumenical Temple.
  2151 | Temple   | Entered the Ecumenical Temple
  2367 | D:4      | Reached skill level 10 in Slings
  2540 | D:4      | Noticed Blork the orc
  2582 | D:4      | Killed Blork the orc
  2582 | D:4      | Reached XP level 7. HP: 21/44 MP: 7/7
  2761 | D:4      | Found a burning altar of Makhleb.
  2894 | D:4      | Reached skill level 11 in Slings
  3370 | D:5      | Entered Level 5 of the Dungeon
  3632 | D:3      | Noticed a giant frog
  3635 | D:3      | Killed a giant frog
  3925 | D:3      | Reached XP level 8. HP: 50/50 MP: 8/8
  4223 | D:3      | Noticed Crazy Yiuf
  4242 | D:3      | Killed Crazy Yiuf
  4242 | D:3      | Reached skill level 12 in Slings
  4416 | D:3      | You fall through a shaft for 2 floors!
  4691 | D:5      | Noticed Menkaure
  4697 | D:5      | Killed Menkaure
  5494 | D:6      | Reached skill level 13 in Slings
  5974 | D:6      | Reached XP level 9. HP: 54/54 MP: 9/9
  6059 | D:6      | Reached skill level 14 in Slings
  6564 | D:7      | Found an ancient bone altar of Kikubaaqudgha.
  6612 | D:7      | Found a deep blue altar of Sif Muna.
  6724 | D:7      | Reached skill level 15 in Slings
  6763 | D:7      | Found an iron altar of Okawaru.
  6835 | D:7      | Became a worshipper of Warmaster Okawaru
  6923 | D:7      | Found a sacrificial altar of Ru.
  8044 | D:8      | Acquired Okawaru's first power
  8151 | D:8      | Reached skill level 16 in Slings
  8160 | D:8      | Reached XP level 10. HP: 57/60 MP: 10/10
  8514 | D:9      | Reached skill level 17 in Slings
  8514 | D:9      | Reached skill level 5 in Dodging
  8835 | D:9      | Found a staircase to the Lair.
  9530 | D:9      | Found a shattered altar of Ashenzari.
  9561 | D:9      | Found a blossoming altar of Fedhas.
  9667 | D:10     | Entered Level 10 of the Dungeon
  9685 | D:9      | Reached skill level 18 in Slings
 10340 | D:10     | Found a staircase to the Orcish Mines.
 10553 | D:10     | Noticed a white ugly thing
 10580 | D:10     | Killed a white ugly thing
 10580 | D:10     | Reached skill level 5 in Armour
 10580 | D:10     | Reached XP level 11. HP: 36/65 MP: 11/11
 10813 | D:10     | Received a gift from Okawaru
 10945 | D:10     | Noticed a hill giant
 10969 | D:10     | Killed a hill giant
 10969 | D:10     | Reached skill level 19 in Slings
 12243 | Lair:1   | Entered Level 1 of the Lair of Beasts
 12531 | Lair:1   | Found a frozen archway.
 12675 | Lair:1   | Reached skill level 20 in Slings
 12931 | Lair:1   | Noticed Gastronok
 12968 | Lair:1   | Mangled by Gastronok

Vault maps used:
D:1:      lemuel_arrival_tunnels
D:3:      xom_redecorated, uniq_crazy_yiuf_cottage, uniq_sigmund
D:4:      old_standard_altar, minmay_temple_entry_statues_pillars,
          uniq_blork_the_orc
D:5:      enter_ossuary_2, first_bread, uniq_menkaure
D:7:      lemuel_doored_altar, kiku_gazebo_garden_becter, lemuel_crystal_altar,
          nicolae_ru_the_path_less_chosen
D:9:      cheibrodos_ashenzari_chains, fedhas_altar_3, minmay_lair_entry_lava
D:10:     orc_0_dummy, serial_bayou, serial_bayou_lake_a, serial_bayou_pond_c,
          serial_bayou_crossing, serial_bayou_pond_c, serial_bayou_pond_e
Temple:   circular_temple_12
Lair:1:   portal_ice_cave_entry_ice_beasts, uniq_urug, uniq_erica,
          uniq_gastronok

Action                   |  1- 3 |  4- 6 |  7- 9 | 10-12 || total
-------------------------+-------+-------+-------+-------++-------
Melee: Short sword       |       |       |    55 |    10 ||    65
       Hunting sling     |       |       |       |     2 ||     2
 Fire: Hunting sling     |    63 |   113 |   559 |   654 ||  1389
Invok: Heroism           |       |       |       |     2 ||     2
Evoke: Wand              |       |       |       |     1 ||     1
  Use: Scroll            |     3 |     7 |     6 |    12 ||    28
       Potion            |     1 |     6 |     5 |     7 ||    19
  Eat: Bread ration      |       |     1 |     1 |       ||     2
       Beef jerky        |       |     1 |       |       ||     1
       Pizza             |       |       |     2 |     1 ||     3
       Chunk             |       |       |     1 |       ||     1
       Meat ration       |       |       |     2 |     2 ||     4
       Fruit             |       |       |       |     3 ||     3
